Map: [ESL] Data-C

Players

Erik

  • Race: Zerg Zerg
  • Spawn Location: 9:00

eGGz - Winner!

  • Race: Zerg Zerg
  • Spawn Location: 3:00

Event: DreamHack SC2 Masters 2022 Atlanta (Online)

VOD

Have the link to the VOD?

Description

Time

  • Played on: Sept. 28, 2022, 4:15 p.m.
  • Length: 9:16

All games in this series

Show
View Real Time Build Order
Export as new Build Order

Erik Zerg 

Build Orders: Hatch First 

Get SALT Encoding   

  12  0:00  Drone  
  13  0:08  Drone  
  14  0:14  Extractor  
  14  0:15  Drone  
  15  0:37  Hatchery  
  14  0:43  Drone, Extractor  
  14  0:48  Overlord  
  15  1:03  Spawning Pool  
  14  1:07  Drone  
  14  1:10  Drone  
  16  1:13  Extractor  
  16  1:15  Drone  
  16  1:20  Drone  
  17  1:30  Drone  
  18  1:39  Drone  
  19  1:50  Queen x2  
  19  1:51  Zergling x2  
  24  1:55  Zergling x2  
  24  2:00  Zergling x2  
  26  2:05  Overlord  
  26  2:12  Drone x2  
  28  2:17  Metabolic Boost  
  28  2:25  Drone x2  
  30  2:34  Drone x2  
  32  2:44  Overlord, Evolution Chamber  
  31  2:48  Overlord  
  31  2:54  Drone  
  31  2:56  Drone  
  33  2:59  Drone x3  
  33  3:02  Drone  
  33  3:05  Drone  
  38  3:12  Zerg Ground Armor Level 1  
  38  3:20  Roach Warren  
  38  3:21  Extractor  
  38  3:22  Drone  
  37  3:28  Zergling x6  
  37  3:30  Zergling x2  
  37  3:33  Drone  
  42  3:34  Drone  
  42  3:36  Drone  
  44  3:44  Zergling x6  
  44  3:45  Zergling x2  
  44  3:46  Zergling x2  
  49  3:58  Overlord  
  49  4:02  Overlord  
  48  4:05  Roach  
  52  4:17  Roach x5  
  52  4:23  Roach x2  
  63  4:32  Extractor  
  63  4:33  Extractor  
  63  4:34  Zergling x10  
  66  4:42  Lair  
  66  4:47  Zergling x2  
  66  4:49  Overlord  
  67  4:56  Overlord  
  67  5:02  Overlord  
  67  5:09  Ravager  
  67  5:10  Ravager x3  
  71  5:16  Zergling x4  
  71  5:17  Zergling x10  
  78  5:31  Zergling x8  
  82  5:41  Drone x2  
  84  5:43  Spire  
  80  5:54  Drone x5  
  80  6:00  Ravager x2  
  80  6:01  Ravager  
  80  6:03  Zerg Missile Weapons Level 1  
  83  6:05  Drone  
  84  6:14  Drone x2  
  84  6:15  Drone x2  
  88  6:20  Overlord  
  88  6:26  Overlord  
  88  6:45  Hatchery  
  86  6:56  Mutalisk  
  86  6:57  Mutalisk x5  
  98  7:01  Mutalisk  
  100  7:09  Overlord x2  
  100  7:14  Mutalisk  
  102  7:23  Mutalisk  
  102  7:29  Mutalisk  
  97  7:33  Zergling x2  
  97  7:34  Zergling x12  
  83  7:43  Zergling x4  
  67  7:54  Drone x2  
  56  7:59  Queen  
  56  8:00  Drone x2  
  53  8:13  Mutalisk  
  52  8:34  Zergling x2  
  52  8:35  Zergling x4  
  55  8:47  Zergling x2  
Show
View Real Time Build Order
Export as new Build Order

eGGz Zerg - Winner!

Build Orders: Pool First 

Get SALT Encoding   

  12  0:01  Drone  
  13  0:12  Overlord  
  13  0:17  Drone  
  14  0:31  Drone x2  
  16  0:41  Spawning Pool  
  15  0:45  Drone  
  15  0:49  Drone  
  17  1:11  Hatchery  
  16  1:28  Zergling x6  
  16  1:29  Queen  
  21  1:40  Overlord  
  21  1:49  Drone  
  22  2:01  Drone  
  23  2:07  Queen  
  25  2:12  Drone  
  26  2:24  Drone x2  
  26  2:25  Queen  
  30  2:33  Drone  
  30  2:34  Drone  
  32  2:38  Overlord  
  32  2:39  Drone x2  
  34  2:44  Drone  
  34  2:48  Extractor  
  34  2:49  Drone  
  34  2:50  Extractor  
  34  2:55  Drone  
  35  2:58  Evolution Chamber  
  35  2:59  Drone  
  35  3:07  Roach Warren  
  35  3:08  Drone  
  35  3:10  Drone  
  36  3:15  Drone x2  
  36  3:17  Drone x2  
  40  3:24  Drone  
  41  3:32  Drone x2  
  43  3:37  Hatchery  
  43  3:39  Overlord  
  42  3:47  Overlord  
  42  3:55  Roach  
  43  4:00  Roach x3  
  43  4:01  Evolution Chamber  
  46  4:05  Overlord  
  46  4:07  Roach  
  48  4:10  Drone  
  48  4:11  Drone  
  51  4:17  Drone x3  
  51  4:21  Extractor  
  52  4:26  Lair, Drone  
  52  4:27  Drone x2  
  52  4:28  Drone  
  52  4:29  Drone  
  57  4:31  Drone  
  57  4:35  Drone x2  
  57  4:37  Roach  
  62  4:41  Roach  
  64  4:46  Overlord  
  64  4:52  Roach  
  66  4:56  Overlord  
  66  4:59  Overlord  
  66  5:00  Roach  
  66  5:05  Roach x4  
  76  5:11  Spine Crawler  
  76  5:12  Roach, Spine Crawler  
  76  5:14  Ravager  
  76  5:15  Roach  
  76  5:20  Roach  
  81  5:26  Roach x2  
  81  5:27  Roach x2  
  89  5:31  Roach  
  89  5:35  Evolution Chamber  
  90  5:39  Overlord  
  90  5:42  Roach  
  90  5:55  Roach Warren  
  87  6:00  Nydus Network  
  87  6:03  Drone x2  
  88  6:10  Spine Crawler  
  87  6:16  Overlord  
  87  6:31  Zerg Missile Weapons Level 1  
  87  6:34  Glial Reconstitution  
  87  6:35  Roach x7  
  101  6:40  Roach x3  
  107  6:49  Hatchery  
  106  6:59  Hatchery  
  108  7:01  Roach  
  108  7:02  Overlord  
  108  7:06  Nydus Canal  
  108  7:07  Overlord  
  108  7:13  Overlord  
  109  7:23  Roach x3  
  109  7:27  Queen x2  
  119  7:31  Spore Crawler  
  119  7:33  Spore Crawler  
  119  7:34  Spore Crawler  
  98  7:39  Drone x2  
  98  7:43  Roach x5  
  103  7:44  Spore Crawler  
  103  7:46  Nydus Canal  
  100  7:53  Drone x3  
  101  8:01  Nydus Canal  
  101  8:03  Queen x2  
  93  8:08  Roach x3  
  85  8:22  Spore Crawler  
  85  8:23  Spore Crawler  
  85  8:26  Spore Crawler  
  82  8:28  Roach x4  
  82  8:30  Overlord  
  85  8:34  Overlord  
  85  8:38  Roach  
  77  8:47  Roach x2  
  77  8:48  Roach  
  83  8:52  Nydus Canal  
  83  8:55  Ravager x2  
Tags
 
Add a new tag
Caveats
  • Supply blocks, unpowered buildings, or Contaminate may cause inaccurate times.
  • Supply counts are checked every 10 seconds.